 Dungeon Crawl Stone Soup version 0.29.1-2-gbd0b4ee654 (webtiles) character file.

Game seed: 1927158596667104634

126 Icepheonix32 the Insei (level 5, 0/49 HPs)
             Began as an Octopode Transmuter on Nov 18, 2022.
             Succumbed to an adder's poison
             ... in a sewer.
             The game lasted 00:04:12 (2448 turns).

Icepheonix32 the Insei (Octopode Transmuter)        Turns: 2448, Time: 00:04:12

Health: 0/49       AC: 22    Str: 21    XL:     5   Next: 10%
Magic:  8/8        EV:  2    Int: 15    God:
Gold:   113        SH:  0    Dex: 12    Spells: 2/8 levels left

rFire   . . .      SeeInvis .   j - +3 great sword of Hepliaklqana's Grace {pain, Str+9 Stlth-}
rCold   . . .      Faith    .   (shield currently unavailable)
rNeg    . . .      Spirit   .   (helmet currently unavailable)
rPois   +          Reflect  .   (no amulet)
rElec   .          Harm     .   (no ring)
rCorr   .          Rampage  .   (no ring)
Will    .....      NoTele   +   (no ring)
Stlth   +.........              (no ring)
HPRegen 0.16/turn               (no ring)
MPRegen 0.11/turn               (no ring)
                                (no ring)
                                (no ring)

@: lethally poisoned (0 -> -3), tree-form
A: stationary, stasis, torment immunity, boosted hp, almost no armour,
(amphibious), 8 rings, (camouflage 1), (gelatinous body 1), (nimble swimmer 1),
(tentacles)
a: no special abilities


You were in a sewer.
You were a tree.
You visited 1 branch of the dungeon, and saw 3 of its levels.
You also visited: Sewer.

You collected 113 gold pieces.

Inventory:

Hand Weapons
 j - the +3 great sword of Hepliaklqana's Grace (weapon) {pain, Str+9 Stlth-}
   (You found it on level 2 of the Dungeon)

   In the hands of one skilled in necromantic magic, it inflicts extra damage on
   living creatures.
   Str:       It affects your strength (+9).
   Stlth:     It makes you less stealthy.
Missiles
 i - 2 curare-tipped darts
Scrolls
 c - 2 scrolls of enchant armour
 f - a scroll of blinking
Potions
 a - a potion of lignification


   Skills:
 + Level 1.0 Fighting
 + Level 0.1 Long Blades
 * Level 3.1 Dodging
 + Level 1.8 Stealth
 + Level 3.5 Unarmed Combat
 + Level 2.4 Spellcasting
 * Level 3.2 Transmutations


You had 2 spell levels left.
You knew the following spells:

 Your Spells              Type           Power      Damage    Failure   Level
a - Beastly Appendage     Tmut           22%        N/A       5%          1
b - Spider Form           Tmut/Pois      6%         N/A       32%         3
c - Wereblood             Tmut           11%        N/A       9%          2

Your spell library contained the following spells:

 Spells                   Type           Power      Damage    Failure   Level
 Static Discharge         Conj/Air       1%         3-4/arc   32%         2
 Tukima's Dance           Hex            1%         N/A       54%         3
 Ice Form                 Ice/Tmut       6%         N/A       73%         4
 Dispel Undead            Necr           1%         3d6       91%         4
 Passage of Golubria      Tloc           1%         N/A       91%         4
 Sticky Flame             Conj/Fire      1%         2d3       91%         4
 Yara's Violent Unravell  Hex/Tmut       3%         3d4       97%         5


Dungeon Overview and Level Annotations

Branches:
Dungeon (3/15)              Sewer (1/1)

Altars:

Annotations:
D:1 1 transporter


Innate Abilities, Weirdness & Mutations

You are a tree.
Your roots penetrate the ground, keeping you stationary.
You cannot be teleported.
You are immune to unholy pain and torment.
Your maximum health is greatly increased.
You cannot wear most types of armour.
((You are amphibious.))
You can wear up to eight rings at the same time.
((Your skin changes colour to match your surroundings (Stealth+).))
((Your rubbery body absorbs attacks. (AC +1, EV +1)))
((You are camouflaged when in or above water. (Stealth+)))
((You have tentacles for arms and can constrict up to eight enemies at once.))


Message History

Unknown command.
It was a potion of curing.
You feel better.
The adder bites you but does no damage. x2; The river rat bites you.
* * * LOW HITPOINT WARNING * * *
Unknown command.
You closely miss the adder. Your punch misses the adder.
The adder is severely wounded.
The adder bites you.
* * * LOW HITPOINT WARNING * * *
The adder bites you but does no damage. The adder bites you.
* * * LOW HITPOINT WARNING * * *
The river rat bites you but does no damage.
The adder bites you but does no damage. x2
You closely miss the adder.
The adder is severely wounded.
The adder barely misses you. The river rat completely misses you.
The adder bites you but does no damage. x2
The river rat bites you but does no damage.
The adder bites you but does no damage.
Unknown command.
You barely miss the adder.
The adder is severely wounded.
The adder bites you.
* * * LOW HITPOINT WARNING * * *
You are lethally poisoned!
The adder poisons you! The adder bites you but does no damage.
The river rat bites you but does no damage.
The adder bites you but does no damage. The adder completely misses you.
The river rat bites you but does no damage.
The adder bites you but does no damage.
You miss the adder.
The adder is severely wounded.
* * * LOW HITPOINT WARNING * * *
You feel very sick.
The adder bites you but does no damage. x2
The river rat bites you but does no damage.
The adder bites you but does no damage. x2
You miss the adder.
The adder is severely wounded.
You die...

#....≈≈###### ....
####r.≈≈≈≈≈≈≈≈≈
....##≈≈≈≈≈≈≈≈≈≈≈≈≈≈
......≈≈≈≈≈≈≈≈≈≈≈≈≈≈≈≈≈≈≈≈≈
~≈≈≈≈≈≈≈≈≈≈≈≈≈≈≈≈≈≈≈≈≈≈≈≈≈≈
≈≈≈~≈≈≈≈≈≈≈≈≈≈≈≈≈≈≈≈≈≈≈≈≈≈≈≈≈
......≈≈≈≈≈≈≈≈≈≈≈≈≈≈≈≈≈≈≈≈≈≈≈
.......≈≈≈≈≈≈≈≈SSr≈≈≈≈≈#####
................♣≈≈≈≈≈≈#
.......................#
.............†.........+
..........##..†........#
#.......#####........##
##..##...######...####
##..#####..∩# ##### ∩..##
##### ####


You could see 2 adders, a river rat and a rat.

Vanquished Creatures
  Jessica (D:2)
  Natasha (D:2)
  A gnoll (D:1)
  An adder (D:2)
  A worm (D:2)
  2 dart slugs
  3 endoplasms (D:1)
  4 giant cockroaches
  2 goblins (D:2)
  6 hobgoblins
  6 quokkas
  4 ball pythons (D:1)
  2 bats (D:1)
  5 frilled lizards
  3 kobolds
  10 rats
52 creatures vanquished.

Notes
Turn   | Place    | Note
-------+----------+-------------------------------------------
     0 | D:1      | Icepheonix32 the Octopode Transmuter began the quest for
                  | the Orb.
     0 | D:1      | Reached XP level 1. HP: 13/13 MP: 3/3
   220 | D:1      | Reached XP level 2. HP: 18/18 MP: 3/5
   628 | D:1      | Reached XP level 3. HP: 15/23 MP: 4/6
  1619 | D:2      | Noticed Jessica
  1632 | D:2      | Killed Jessica
  1633 | D:2      | Reached skill level 1 in Stealth
  1633 | D:2      | Reached XP level 4. HP: 12/28 MP: 7/7
  1944 | D:2      | Identified the +3 great sword of Hepliaklqana's Grace
                  | {pain, Str+9 Stlth-}
  1951 | D:2      | Learned a level 3 spell: Spider Form
  1954 | D:2      | Learned a level 2 spell: Wereblood
  2301 | D:2      | Noticed Natasha
  2305 | D:2      | Killed Natasha
  2306 | D:2      | Reached XP level 5. HP: 33/33 MP: 6/8
  2350 | D:3      | Found a glowing drain.
  2365 | Sewer    | Entered a sewer
  2447 | Sewer    | HP: 1/49 [poisoned by an adder]
  2448 | Sewer    | Succumbed to an adder's poison

Illustrated notes

Levels and vault maps discovered:
D:1:      spicycebolla_arrival_risky_transporter, layout_loops_ring, st_stairs_6
D:2:      layout_rooms, uniq_jessica, uniq_natasha
D:3:      layout_basic, gup_sewer_entry_pipe, chequers_serial_rivers_micro_b,
          minmay_misc_feat_diagonals
Sewer:    sewer_minmay_treatment

Skill      XL: |  1  2  3  4 |
---------------+-------------+-----
Stealth        | 1 |  1.8
Transmutations | 3 |  3.2
Dodging        | 3 |  3.1
Fighting       | |  1.0
Long Blades    | |  0.1
Unarmed Combat | |  3.5
Spellcasting   | |  2.4

Action                   |  1- 3 |  4- 6 || total
-------------------------+-------+-------++-------
Melee: Unarmed           |    69 |    13 ||    82
       Constrict         |    22 |    11 ||    33
       Kick              |    13 |     4 ||    17
       Tentacles         |     9 |     8 ||    17
       Punch             |     1 |       ||     1
       Great sword       |       |    28 ||    28
Throw: Dart              |     1 |       ||     1
 Cast: Beastly Appendage |    17 |     7 ||    24
  Use: Scroll            |     1 |     7 ||     8
       Potion            |       |     3 ||     3
 Stab: Sleeping          |     6 |     3 ||     9
Armor: Skin              |     6 |    31 ||    37
Dodge: Dodged            |    40 |    20 ||    60
